[Event "*** Titled Tuesday Blitz"]
[Site "Chess.com"]
[Date "2020.11.10"]
[Round "5"]
[White "andriipalchuk"]
[Black "Fy_Rakotomaharo"]
[Result "1-0"]
[WhiteElo "2449"]
[BlackElo "2625"]
[TimeControl "180+1"]
[EndTime "10:59:51 PST"]
[Termination "andriipalchuk won by checkmate"]

1. d4 e6 2. c4 Bb4+ 3. Bd2 c5 4. Nf3 Nf6 5. g3 b6 6. Bg2 Bb7 7. Bxb4 cxb4 8. O-O O-O 9. a3 bxa3 10. Rxa3 d6 11. Nc3 Ne4 12. Qc2 Nxc3 13. Rxc3 Nc6 14. Ra1 a5 15. c5 dxc5 16. dxc5 b5 17. Rd3 Qf6 18. Rd7 Nb4 19. Qc3 Bc6 20. Rd6 Rfc8 21. Ne5 Bxg2 22.
Kxg2 Nd5 23. Qd4 Ne7 24. Qe4 Ng6 25. Nd7 Qxb2 26. Rb1 Qc3 27. Nb6 Qxc5 28. Nxc8 Rxc8 29. Qb7 Rf8 30. Rdd1 b4 31. Rbc1 Qh5 32. Qf3 Qb5 33.
Qd3 Qg5 34. Qd2 Qg4 35. Qe3 h5 36. Rd4 Qf5 37. Qe4 Qg5 38. e3 h4 39. Ra1 hxg3 40. hxg3 Rc8 41. Rc4 Rd8 42. Qb7 Qf6 43. Rc8 Rxc8 44. Qxc8+ Nf8 45. Rxa5 g6 46. Qb7 Kg7 47.
Qxb4 e5 48. Rd5 Qc6 49. Qe4 f6 50. Rxe5 Qd6 51. Re7+ Kg8 52. Ra7 f5 53. Qc4+ Kh8 54. Qf7 Qc6+ 55. Kh2 Qd6 56. Qg7# 1-0

[Event "*** Titled Tuesday Blitz"]
[Site "Chess.com"]
[Date "2020.11.10"]
[Round "5"]
[White "catzapto"]
[Black "elamier"]
[Result "1/2-1/2"]
[WhiteElo "2144"]
[BlackElo "2344"]
[TimeControl "180+1"]
[EndTime "10:59:51 PST"]
[Termination "Game drawn - insufficient material"]

1. e4 c5 2. Nf3 e6 3. c3 d5 4. exd5 exd5 5. d4 c4 6. b3 cxb3 7. axb3 Nc6 8. Bd3 Bd6 9. O-O Nge7 10. Qc2 h6 11. Ba3 Bg4 12. Bxd6 Qxd6 13. Nbd2 Rc8 14. Rfe1 O-O 15. Ne5 Be6 16. Qd1 Nxe5 17. dxe5 Qb6 18. c4 dxc4 19. Nxc4 Bxc4 20. Bxc4 Rcd8 21. Qf3 Nc6 22.
Qe4 Nd4 23. Rad1 Ne6 24. h4 Rxd1 25. Rxd1 Re8 26. Rd6 Qc5 27. Bxe6 fxe6 28. Qxb7 Qxe5 29. Rd7 Rf8 30. Qxa7 Qc3 31. g3 Qf6 32. Kh2 Qxf2+ 33. Qxf2 Rxf2+ 34. Kh3 Rb2 35. Rb7 Kf8 36. Kg4 Rb1 37. Kh5 Rf1 38. g4 Kg8 39. b4 Kh7 40. b5 e5 41. b6 e4 42. g5 hxg5 43. hxg5 Rh1+ 44. Kg4 e3 45. Kf3 Rb1 46. Kxe3 Kg6 47.
Kf4 Rb4+ 48. Ke5 Rb1 49. Kd5 Kh5 50. Kc6 g6 51. Rh7+ Kxg5 52. b7 Kf4 53. Kc7 g5 54.
b8=Q Rxb8 55. Kxb8 g4 56. Kc7 g3 57. Kd6 g2 58. Rg7 Kf3 59. Kd5 Kf2 60. Rf7+ Ke2 61.
Rg7 Kf1 62. Rf7+ Ke2 63. Rg7 Kf1 64. Ke4 g1=Q 65. Rxg1+ Kxg1 1/2-1/2

[Event "*** Titled Tuesday Blitz"]
[Site "Chess.com"]
[Date "2020.11.10"]
[Round "5"]
[White "ChristopherYoo"]
[Black "Zq1"]
[Result "0-1"]
[WhiteElo "2829"]
[BlackElo "2573"]
[TimeControl "180+1"]
[EndTime "10:59:53 PST"]
[Termination "Zq1 won by resignation"]

1. e4 c5 2. Ne2 g6 3. g3 Bg7 4. Bg2 Nc6 5. O-O Nf6 6. d4 cxd4 7. Nxd4 Nxd4 8. Qxd4 O-O 9. Qd3 d6 10. c4 Rb8 11.
Nc3 a6 12. Be3 Bd7 13. Rab1 Bc6 14. Bd4 b5 15. cxb5 axb5 16. Rfc1 b4 17. Nd5 Bxd5 18. exd5 Nd7 19. Bxg7 Kxg7 20. Qd4+ Kg8 21. Re1 Re8 22. Re2 Qb6 23. Qf4 Ne5 24. h4 h5 25.
Rd1 b3 26. a3 Rbc8 27. Be4 Rc4 28. Qe3 Qxe3 29. Rxe3 Rb8 30. Kg2 Kf8 31. Bb1 Ng4 32. Re4 Rxe4 33. Bxe4 Nf6 34. Kf3 Rc8 35. Rd3 Rc4 36.
Re3 Nxe4 37. Rxe4 Rc5 38. Re3 Rxd5 39. Rxb3 Rd1 40. a4 Ra1 41. Rb8+ Kg7 42. b3 d5 43. Rb5 e6 44. a5 Kf6 45. b4 Ke5 46. Rb6 Ra3+ 47. Ke2 Ke4 48. a6 Ra2+ 49. Ke1 Kd3 50.
Kf1 d4 51. b5 Ra1+ 52. Kg2 Ke2 53. Rb7 d3 54. Rd7 d2 55. a7 Rxa7 56. Rxa7 d1=Q 57. Rxf7 Qd5+ 58. Kg1 Qxb5 59. Rf4 Qd5 60. Kh2 e5 61. Rf6 e4 62. Kg1 Qd1+ 63. Kg2 Qf1+ 64. Kh2 Qxf2+ 0-1

[Event "*** Titled Tuesday Blitz"]
[Site "Chess.com"]
[Date "2020.11.10"]
[Round "5"]
[White "Sofiia_Hryzlova"]
[Black "bazar-wokzal"]
[Result "0-1"]
[WhiteElo "2296"]
[BlackElo "2502"]
[TimeControl "180+1"]
[EndTime "10:59:53 PST"]
[Termination "bazar-wokzal won by resignation"]

1. c4 f5 2. g3 Nf6 3. Nc3 e5 4. Bg2 Nc6 5. e4 Bc5 6. Nge2 O-O 7. O-O d6 8. a3 a5 9. b3 Ng4 10.
Na4 Ba7 11. Bb2 fxe4 12. c5 d5 13. d4 exd3 14. Qxd3 Be6 15. h3 Nf6 16. Rad1 Qe8 17. g4 Rd8 18. Ng3 e4 19. Qb5 Rb8 20. Qe2 b5 21. cxb6 cxb6 22. g5 Nd7 23. Nc3 Qf7 24. Qb5 Ne7 25. Nge2 Nc5 26. Nd4 Bd7 27. Qe2 Nd3 28.
Ba1 b5 29. Nxe4 dxe4 30. Qxe4 Nxf2 31. Qe3 Nxd1 32. Rxf7 Nxe3 33. Rxe7 Nxg2 34. Rxd7 Rf7 35. Rxf7 Kxf7 36. Kxg2 Bxd4 37. Bxd4 a4 38. bxa4 bxa4 39. Bc5 Rb3 40. h4 Kg6 41. Bd6 Kh5 42. Bf8 g6 43.
Be7 Kxh4 44. Kf2 Kh5 45. Ke2 h6 46. gxh6 Kxh6 47. Kf2 g5 48. Bf8+ Kh5 49. Be7 g4 50. Kg2 Kg6 51. Kf2 Kf5 52. Bd6 Ke4 53. Kg2 Kd4 54.
Be7 Rf3 55. Bd6 Kc4 56. Bb4 Kb3 57. Bd6 Kb2 58. Bc5 Rxa3 59. Bxa3+ Kxa3 60. Kg3 Kb4 61. Kxg4 a3 0-1

[Event "*** Titled Tuesday Blitz"]
[Site "Chess.com"]
[Date "2020.11.10"]
[Round "5"]
[White "Alohamora11"]
[Black "kamilianin235"]
[Result "0-1"]
[WhiteElo "2454"]
[BlackElo "2186"]
[TimeControl "180+1"]
[EndTime "10:59:53 PST"]
[Termination "kamilianin235 won by checkmate"]

1. e4 c5 2. Nf3 d6 3. Bb5+ Nd7 4. d4 cxd4 5. Qxd4 a6 6. Bxd7+ Bxd7 7. c4 Nf6 8. Nc3 Rc8 9. Bg5 e6 10. O-O Be7 11.
Rac1 O-O 12. b3 Qa5 13. Bd2 Qc7 14. Rfd1 Rfd8 15. h3 Bc6 16. Nd5 exd5 17. cxd5 Qb8 18.
dxc6 bxc6 19. Bf4 Ne8 20. Qa4 Qb6 21. Nd2 Nf6 22. Nc4 Qb5 23. Qxb5 cxb5 24. Bxd6 bxc4 25. Bxe7 Rxd1+ 26. Rxd1 cxb3 27. Bxf6 gxf6 28. axb3 Rb8 29. Rd3 Kf8 30. f3 Ke7 31. Kf2 Ke6 32. Ke3 Rb4 33. Kd2 Ke5 34. g3 Rb5 35. Kc3 Ke6 36. b4 Rb7 37. Rd5 Rc7+ 38. Rc5 Rxc5+ 39. bxc5 Kd7 40. f4 Kc6 41. Kc4 a5 42. g4 a4 43. g5 fxg5 44. fxg5 a3 45. Kb3 Kxc5 46. Kxa3 Kd4 47. Kb4 Kxe4 48. Kc4 Kf4 49. Kd4 Kxg5 50. Ke4 Kh4 51.
Kf3 Kxh3 52. Kf4 h5 53. Kf3 f5 54. Kf4 Kh4 55. Kf3 Kg5 56. Kg3 f4+ 57. Kf3 h4 58. Kf2 Kg4 59. Kg2 f3+ 60. Kh2 h3 61.
Kg1 Kg3 62. Kh1 Kf4 63. Kg1 Kg4 64. Kf2 h2 65. Kf1 h1=Q+ 66. Kf2 Qg2+ 67. Ke1 Qe2# 0-1

[Event "*** Titled Tuesday Blitz"]
[Site "Chess.com"]
[Date "2020.11.10"]
[Round "5"]
[White "penguingm1"]
[Black "Parhamov"]
[Result "0-1"]
[WhiteElo "2838"]
[BlackElo "2954"]
[TimeControl "180+1"]
[EndTime "10:59:54 PST"]
[Termination "Parhamov won by resignation"]

1. d4 Nf6 2. c4 e6 3. Nc3 Bb4 4. Qc2 d5 5. cxd5 exd5 6. Bg5 O-O 7. e3 Be6 8. Bd3 h6 9. Bh4 Nbd7 10. Ne2 c5 11.
O-O Rc8 12. Rad1 a6 13. dxc5 Nxc5 14. a3 Ba5 15. Bh7+ Kh8 16. Bf5 Bxc3 17. Nxc3 Qd7 18. Bd3 d4 19. exd4 Nxd3 20. Qxd3 Bc4 21. Qd2 Bxf1 22.
Bxf6 Kh7 23. Bxg7 Kxg7 24. Kxf1 Qf5 25. d5 Rfd8 26. h3 b5 27. Kg1 Rc4 28. Qe3 Rd6 29. Qd2 Kh7 30. Kh2 h5 31. Qe3 Qf4+ 32. Qxf4 Rxf4 33.
f3 f5 34. Kg3 Rc4 35. Kf2 Rc5 36. Ke3 Rc4 37. Kd3 Kg6 38. b3 Rc7 39. Kd4 Kf6 40. Re1 Re7 41. Rxe7 Kxe7 42. Ke5 Rg6 43. d6+ Kd7 44.
Nd5 Rxg2 45. Nf6+ Kd8 46. Nxh5 Ra2 47. Ng7 Rxa3 48. h4 Rxb3 49. Kf4 Rb4+ 50. Kg5 Rb1 51. h5 Rg1+ 52. Kf6 b4 53. h6 b3 54. Nh5 Rg8 55.
Kf7 Rh8 56. Kg7 Rxh6 57. Kxh6 b2 0-1

[Event "*** Titled Tuesday Blitz"]
[Site "Chess.com"]
[Date "2020.11.10"]
[Round "5"]
[White "lider34"]
[Black "valeriocarnicelli"]
[Result "1/2-1/2"]
[WhiteElo "2404"]
[BlackElo "2565"]
[TimeControl "180+1"]
[EndTime "10:59:56 PST"]
[Termination "Game drawn by repetition"]

1. e4 e5 2. Nf3 Nc6 3. d4 exd4 4. Nxd4 Nf6 5. Nc3 Bb4 6. Nxc6 bxc6 7. Bd3 d5 8. exd5 cxd5 9. O-O O-O 10. Bg5 c6 11. Qf3 Be7 12. Rfe1 Rb8 13. Rab1 Be6 14. Ne2 c5 15. Nf4 Qd7 16. Nxe6 fxe6 17. Qh3 h6 18. Qxe6+ Qxe6 19. Rxe6 c4 20. Bg6 Ba3 21. Be3 Bxb2 22. Bxa7 Rb7 23. Bc5 Rfb8 24. Bd6 Bd4 25. Rxb7 Rxb7 26.
g3 Ra7 27. Be7 Rxa2 28. Rd6 Ra8 29. Bxf6 Bxf6 30. Rxd5 Kf8 31. Rd7 c3 32. h4 Rd8 33.
Rxd8+ Bxd8 34. f4 Ke7 35. Kg2 Kf6 36. h5 Ke6 37. Kf3 Kd5 38. Bd3 Bf6 39. g4 Ke6 40.
Ke4 Ke7 41. Kf5 Kf8 42. g5 hxg5 43. fxg5 Bd4 44. Kg6 Kg8 45. Bc4+ Kh8 46. Bd3 Be5 47. Kf5 Bd4 48. Ke6 Be3 49. Kf5 Bd2 50. Kg6 Be3 51.
h6 gxh6 52. gxh6 Bd4 53. h7 Be5 54. Kf5 Bg7 55. Ke6 Bd4 56. Kd5 Bg7 57. Be4 Bf6 58. Bf5 Bg7 59. Be4 Bf6 60. Bf5 Bg7 61. Kc4 Bf6 62. Kd5 1/2-1/2

[Event "*** Titled Tuesday Blitz"]
[Site "Chess.com"]
[Date "2020.11.10"]
[Round "5"]
[White "Andrii_Prydun"]
[Black "xberli"]
[Result "0-1"]
[WhiteElo "2356"]
[BlackElo "2537"]
[TimeControl "180+1"]
[EndTime "10:59:56 PST"]
[Termination "xberli won by resignation"]

1. d4 Nf6 2. Nc3 g6 3. Bf4 Bg7 4. Qd2 d5 5. Bh6 Bxh6 6. Qxh6 c5 7. Nf3 Nc6 8. e3 Qa5 9. dxc5 Qxc5 10. Bb5 Bd7 11. O-O a6 12. Bxc6 bxc6 13. Ne5 Be6 14. Rad1 Qd6 15. f4 Ng4 16. Nxg4 Bxg4 17. Qg7 Qf6 18.
Qxf6 exf6 19. Rd4 Be6 20. Na4 f5 21. Nc5 Ke7 22. b3 Rhb8 23. Ra4 a5 24. Nd3 Bd7 25. Rd4 Be8 26. a4 f6 27. Rd1 Bd7 28. Nc5 Be8 29.
Kf2 Rb6 30. h4 Rab8 31. h5 gxh5 32. Rh1 Bf7 33. Rh3 Rg8 34. Rd3 Kd6 35. Rc3 Rg7 36. Nd3 Rb8 37. Rc5 Rbg8 38. Rh2 Ra8 39. Rh3 Rgg8 40. Rg3 Rxg3 41. Kxg3 Be6 42. Kh4 Bf7 43. g3 Kc7 44. Rc3 Kb6 45. Ne1 Rg8 46. Nf3 Rg4+ 47.
Kh3 c5 48. Nh4 Be6 49. Rd3 Kc6 50. Rc3 Rg8 51. Rd3 Rd8 52. Nf3 Rd7 53. Kh4 Bf7 54. Nd2 d4 55. exd4 Rxd4 56. Rxd4 cxd4 57. Nf3 Kc5 58.
Kh3 d3 59. cxd3 Bxb3 60. Nh4 Bxa4 61. Nf3 Bc2 62. d4+ Kd5 63. Kh4 a4 64. Ne1 Be4 65. Kxh5 0-1

[Event "*** Titled Tuesday Blitz"]
[Site "Chess.com"]
[Date "2020.11.10"]
[Round "5"]
[White "AlexeiShirov"]
[Black "AlexSuv"]
[Result "1-0"]
[WhiteElo "2794"]
[BlackElo "2588"]
[TimeControl "180+1"]
[EndTime "10:59:58 PST"]
[Termination "AlexeiShirov won by resignation"]

1. e4 c5 2. Nf3 e6 3. d4 cxd4 4. Nxd4 Nc6 5. Nc3 Qc7 6. Be3 a6 7. Qf3 Nf6 8. O-O-O Rb8 9. Qg3 Qxg3 10. hxg3 Ng4 11. Nxc6 bxc6 12. Ba7 Rb7 13. Be2 Rxa7 14. Bxg4 d6 15. f4 Be7 16. Bf3 h6 17. g4 Rf8 18.
Rh5 d5 19. Na4 a5 20. c4 dxc4 21. Rd4 Ba6 22. Rxa5 Bb4 23. Rh5 Ke7 24. a3 Bb5 25. Nb6 Be1 26. Rxc4 Bxc4 27. Nxc4 Bg3 28. f5 Bf4+ 29.
Kc2 Rd8 30. fxe6 fxe6 31. Rc5 Ra6 32. e5 g5 33. Na5 Rd2+ 34. Kc3 Kf7 35. Nxc6 Rf2 36. Rc4 Rxc6 37. Rxc6 Bxe5+ 38. Kd3 Rxb2 39. a4 Ra2 40. Rc4 Ra3+ 41. Kc2 Ra2+ 42. Kb3 Rb2+ 43. Ka3 Rb1 44. a5 Ra1+ 45. Kb4 Bf4 46. Kb5 Be3 47.
a6 e5 48. Rc7+ Ke6 49. Rc6+ Ke7 50. Rxh6 Rb1+ 51. Kc4 Rc1+ 52. Kd3 Bd4 53. Ke4 Ra1 54. Kf5 Ra5 55. Be4 Kd7 56. Rh7+ Kd6 57. Kxg5 Kc5 58. Kf5 Kb4 59. g5 Rxa6 60. Rb7+ Kc3 61. g6 Ra8 62. g7 Rg8 63. Bd5 1-0

[Event "*** Titled Tuesday Blitz"]
[Site "Chess.com"]
[Date "2020.11.10"]
[Round "5"]
[White "mbojan"]
[Black "Siemba"]
[Result "1-0"]
[WhiteElo "2660"]
[BlackElo "2433"]
[TimeControl "180+1"]
[EndTime "10:59:58 PST"]
[Termination "mbojan won by checkmate"]

1. d3 e5 2. g3 d5 3. Bg2 Nc6 4. a3 Be6 5. b4 Qd7 6. Bb2 f6 7. Nd2 h5 8. h3 Nh6 9. c4 O-O-O 10. cxd5 Bxd5 11. Ngf3 Nf7 12. h4 g5 13. hxg5 fxg5 14. e4 Be6 15. b5 Nd4 16. Nxd4 exd4 17. a4 h4 18. gxh4 gxh4 19. f4 h3 20. Bf3 Qe7 21. Qe2 Bh6 22. f5 Qh4+ 23. Kd1 Bd7 24. Nc4 Bg7 25. Bc1 Ne5 26. Nxe5 Bxe5 27. Qe1 Bg3 28.
Qe2 Rde8 29. Qf1 h2 30. Bd2 Rhg8 31. Kc2 Kb8 32. Qe2 Rc8 33. Rab1 c6 34. b6 axb6 35. Rxb6 Bc7 36. Rb2 Rg1 37. a5 Qe7 38. Rxh2 Qc5+ 39. Kb3 Qb5+ 40. Kc2 Qa4+ 41. Rb3 Bxh2 42. Qxh2+ Ka8 43.
Qxg1 Qa2+ 44. Rb2 Qa4+ 45. Kb1 c5 46. Qc1 Bb5 47. Qc2 Qxc2+ 48. Kxc2 c4 49. Rxb5 cxd3+ 50.
Kxd3 Ka7 51. Kxd4 Ka6 52. Rb6+ Ka7 53. Be3 Rd8+ 54. Ke5 Ka8 55. Kf4 Re8 56. Re6 Rg8 57. f6 Rh8 58. f7 b6 59. Re8+ Kb7 60. Rxh8 Ka6 61. f8=Q Kb5 62. Qf5+ Kc4 63. Rc8+ Kd3 64. e5# 1-0

[Event "*** Titled Tuesday Blitz"]
[Site "Chess.com"]
[Date "2020.11.10"]
[Round "5"]
[White "ShcufNaiRolf"]
[Black "Dr_Thomas_Quilter"]
[Result "1-0"]
[WhiteElo "2336"]
[BlackElo "2091"]
[TimeControl "180+1"]
[EndTime "11:00:00 PST"]
[Termination "ShcufNaiRolf won on time"]

1. e4 e5 2. Nf3 Nc6 3. Bb5 a6 4. Ba4 d6 5. O-O Bd7 6. c3 g6 7. d4 Bg7 8. d5 Nce7 9. c4 Nf6 10. Nc3 O-O 11. Bxd7 Qxd7 12. Ne1 Nh5 13. Nd3 f5 14. Bd2 b6 15. b4 Nf4 16.
Qc2 fxe4 17. Nxe4 Nf5 18. Nxf4 Nd4 19. Qb2 exf4 20. Bc3 Nf5 21. Bxg7 Qxg7 22. Qxg7+ Kxg7 23. Ng5 Nd4 24. Rfd1 h6 25. Nh3 Ne2+ 26. Kf1 f3 27. Rd3 fxg2+ 28. Kxe2 Rae8+ 29. Re3 g5 30. Rg1 Rxe3+ 31.
fxe3 Kg6 32. Rxg2 Kh5 33. Nf2 Kh4 34. Rg4+ Kh5 35. Re4 Rf7 36. a4 Kg6 37. Nd3 h5 38. h3 Kf5 39. Re6 g4 40. hxg4+ hxg4 41. e4+ Kg5 42.
e5 Kh4 43. exd6 cxd6 44. Rxd6 g3 45. Rg6 Kh3 46. Ne1 Re7+ 47. Kd2 Re4 48. d6 Rxc4 49. Kd3 Rc1 50. Nf3 Rd1+ 51. Nd2 Kg2 52. d7 Kh1 53. d8=Q g2 54. Qh8+ Kg1 55. Qg8 Kh1 56. Rxg2 Rxd2+ 57. Kxd2 b5 58. Qg3 1-0

[Event "*** Titled Tuesday Blitz"]
[Site "Chess.com"]
[Date "2020.11.10"]
[Round "5"]
[White "WPWPWP-2015"]
[Black "wnstop"]
[Result "0-1"]
[WhiteElo "2536"]
[BlackElo "2720"]
[TimeControl "180+1"]
[EndTime "11:00:02 PST"]
[Termination "wnstop won by checkmate"]

1. e4 c5 2. Nf3 Nc6 3. Bb5 g6 4. O-O Bg7 5. c3 Nf6 6. Qe2 O-O 7. a4 Qb6 8. d3 a6 9. Bc4 Na5 10. Nbd2 Nxc4 11. Nxc4 Qc7 12. a5 d6 13. Nb6 Rb8 14. Bg5 Bg4 15. h3 Bxf3 16. Qxf3 Rfe8 17. Bxf6 Bxf6 18. Nd5 Qd8 19. Nxf6+ exf6 20. Rfe1 Kg7 21. h4 h5 22. g3 Re5 23. Qe3 Qc7 24. f4 Re7 25. Qf3 b6 26. f5 Re5 27. Rf1 Qe7 28.
axb6 Rxb6 29. Rf2 d5 30. exd5 Rxf5 31. Qg2 Rxf2 32. Qxf2 Qd6 33. c4 Qe5 34. Re1 Qxb2 35. Qxc5 Rb3 36. Qe3 Ra3 37. Qf2 Qb3 38. Qe2 Ra2 39. Qf3 Qb2 40. d6 Qd4+ 41. Kh1 Qxd6 42. Rf1 Qd4 43. c5 Qb2 44. Qxf6+ Qxf6 45. Rxf6 Kxf6 46. d4 Rc2 47. Kg1 Ke6 48. Kf1 Kd5 49. Ke1 Kxd4 50. Kd1 Rxc5 51. Kd2 Rf5 52. Ke2 Ke5 53.
Ke3 a5 54. Kd3 a4 55. Kc4 Rf3 56. Kb4 a3 57. Kb5 a2 58. Kc4 a1=Q 59. Kc5 Qc3+ 60.
Kb6 Qb4+ 61. Kc7 Qd6+ 62. Kc8 Rc3+ 63. Kb7 Rc7+ 64. Ka8 Qd8# 0-1

[Event "*** Titled Tuesday Blitz"]
[Site "Chess.com"]
[Date "2020.11.10"]
[Round "5"]
[White "H3nriqueTV"]
[Black "TokChess"]
[Result "0-1"]
[WhiteElo "2270"]
[BlackElo "2445"]
[TimeControl "180+1"]
[EndTime "11:00:03 PST"]
[Termination "TokChess won by resignation"]

1. e4 c5 2. Nf3 e6 3. b3 Nf6 4. e5 Nd5 5. Bb2 Nc6 6. c4 Nf4 7. g3 Ng6 8. Bg2 Qc7 9. Qe2 d6 10. exd6 Qxd6 11. O-O e5 12. Re1 f6 13. Nc3 Be7 14.
Nd5 O-O 15. h4 Bg4 16. Ne3 Bh5 17. Nf5 Qc7 18. Qe4 Nh8 19. d4 cxd4 20. Bxd4 Rad8 21. Bc3 Nf7 22. b4 Bg6 23. b5 Nd6 24. Nxe7+ Nxe7 25. Qe2 Qxc4 26. Qb2 Qxb5 27. Qa3 Nc6 28. Rad1 Nc4 29. Qc1 Bf7 30. Bf1 Qa6 31. Ba1 b5 32. Nd2 Qxa2 33.
Nxc4 Bxc4 34. Rxd8 Rxd8 35. Bg2 Nd4 36. Bxd4 Rxd4 37.
Rd1 Qa6 38. Rxd4 exd4 39. Qf4 Qe6 40. Qxd4 a6 41. Qd8+ Kf7 42. Qc7+ Qe7 43. Qc6 Kg8 44. Qxa6 h6 45. Qb6 Kh7 46. Qd4 f5 47. Bf3 Qe6 48. Qe3 Qxe3 49. fxe3 Kg6 50. Kf2 Kf6 51. Bc6 g5 52. h5 Ke5 53. Bd7 b4 54. Ba4 Bf7 55. Bc2 Bxh5 56. Bb3 Bg6 57. Kf3 Be8 58. g4 Bc6+ 59.
Kg3 fxg4 60. Kxg4 Ke4 61. Kh5 Kxe3 62. Kxh6 g4 0-1

[Event "*** Titled Tuesday Blitz"]
[Site "Chess.com"]
[Date "2020.11.10"]
[Round "5"]
[White "Blitzstream"]
[Black "juancruzarias"]
[Result "0-1"]
[WhiteElo "2720"]
[BlackElo "2588"]
[TimeControl "180+1"]
[EndTime "11:00:04 PST"]
[Termination "juancruzarias won by resignation"]

1. d4 e6 2. e4 Nf6 3. e5 Ng8 4. Nf3 d5 5. Bd3 c5 6. c3 Nc6 7. O-O Bd7 8. Bg5 Qb6 9. Nbd2 cxd4 10. cxd4 Rc8 11. Rc1 Nge7 12. Nb3 h6 13. Be3 Nf5 14. Nc5 Bxc5 15. dxc5 Nxe3 16. fxe3 Qc7 17. e4 Nxe5 18. exd5 O-O 19. d6 Nxf3+ 20. Qxf3 Qa5 21. Qe4 f5 22.
Qd4 Rce8 23. b4 Qa3 24. b5 e5 25. Qd5+ Be6 26. Qxe5 Qxd3 27. Rfd1 Qxb5 28. Qf4 Bd7 29. a4 Qc6 30. Rc3 Re4 31. Qf2 f4 32. Rcd3 Rfe8 33. Rd5 Qxa4 34. h3 R8e5 35. R5d4 Rxd4 36.
Rxd4 Qa1+ 37. Kh2 Rf5 38. Re4 Rf7 39. Rxf4 Qe5 40. g3 Rxf4 41. gxf4 Qd5 42. Qe3 Qe6 43.
Qd4 a6 44. Kg1 Qxh3 45. Qd5+ Qe6 46. Qxb7 a5 47. c6 Qe3+ 48. Kh1 Qf3+ 49. Kh2 Qxc6 50.
Qb8+ Kf7 51. Qb3+ Be6 52. Qd3 Qd5 53. Qa6 Bd7 54. Qb6 a4 55. Qa6 Qd2+ 56. Kg3 Qe3+ 57. Kg2 Qxf4 58. Qb6 a3 59. Qa6 Qd2+ 60. Kg3 a2 61.
Qc4+ Be6 62. Qc7+ Kg8 63. Qc8+ Bxc8 64. d7 Bxd7 0-1

[Event "*** Titled Tuesday Blitz"]
[Site "Chess.com"]
[Date "2020.11.10"]
[Round "5"]
[White "Make_it_shine060"]
[Black "davigator"]
[Result "0-1"]
[WhiteElo "2177"]
[BlackElo "2374"]
[TimeControl "180+1"]
[EndTime "11:00:04 PST"]
[Termination "davigator won by resignation"]

1. d4 Nf6 2. c4 e6 3. Nf3 Bb4+ 4. Bd2 a5 5. g3 b6 6. Bg2 Ba6 7. Qc2 c6 8. O-O O-O 9. Bg5 Be7 10. Nbd2 d5 11. Rfe1 Nbd7 12. Rad1 h6 13. Bxf6 Nxf6 14. e4 Rc8 15. e5 Nd7 16. b3 Bb4 17. Re3 Re8 18.
Ne1 f6 19. exf6 Nxf6 20. Nd3 Bxd2 21. Rxd2 dxc4 22. bxc4 Qxd4 23. Ne5 Qc5 24. Qg6 Re7 25. Bh3 Bxc4 26. Nxc4 Qxc4 27. Rd1 Rf8 28. Rde1 Rfe8 29. Qb1 b5 30. Qd1 Qd5 31. Qc2 Kf7 32. Bg2 Qc4 33. Qxc4 bxc4 34. Bxc6 Rc8 35. Bb5 Rc5 36. Ba4 Nd5 37.
Rf3+ Nf6 38. Rc3 Rec7 39. Rce3 Re7 40. Kf1 g5 41. Rc1 g4 42. Bd1 h5 43. h3 Rec7 44. hxg4 hxg4 45. Kg2 c3 46. Bb3 R7c6 47. Rce1 Nd5 48.
Bxd5 Rxd5 49. Rc1 c2 50. Re4 Rd1 51. Rf4+ Ke7 52. Rxc2 Rxc2 53. Rxg4 Rdd2 54. Rf4 Rxa2 55. g4 e5 56. g5 Ke6 57. Rf3 e4 58. Rf6+ Ke5 59.
Rf7 e3 60. g6 Rxf2+ 61. Rxf2 Rxf2+ 62. Kg1 Rf8 63. g7 Rg8 0-1

[Event "*** Titled Tuesday Blitz"]
[Site "Chess.com"]
[Date "2020.11.10"]
[Round "5"]
[White "dopolian"]
[Black "julinha97"]
[Result "1/2-1/2"]
[WhiteElo "2364"]
[BlackElo "2177"]
[TimeControl "180+1"]
[EndTime "11:00:04 PST"]
[Termination "Game drawn by repetition"]

1. Nf3 Nf6 2. c4 g6 3. b3 Bg7 4. Bb2 O-O 5. g3 c5 6. Bg2 Nc6 7. O-O d6 8. d4 Ne4 9. Nbd2 Bf5 10. Nxe4 Bxe4 11. e3 a5 12. Qd2 cxd4 13. Nxd4 Bxg2 14.
Kxg2 d5 15. Nxc6 bxc6 16. Bxg7 Kxg7 17. cxd5 Qxd5+ 18. Qxd5 cxd5 19. Rac1 Rfc8 20. Rfd1 e6 21. a4 Rab8 22. Rxc8 Rxc8 23. Rd3 Kf6 24. Kf3 Ke5 25. Ke2 Rc2+ 26. Rd2 Rc3 27. Rb2 f5 28. Kd2 Rc7 29.
b4 axb4 30. Rxb4 h5 31. a5 Ra7 32. Ra4 Kd6 33. Kd3 Kc5 34. a6 Kb5 35. Ra1 Rxa6 36. Rxa6 Kxa6 37. Kd4 Kb5 38. Ke5 Kc4 39. Kxe6 Kd3 40.
Kxd5 Ke2 41. Ke5 Kxf2 42. Kf6 Kxe3 43. Kxg6 h4 44. gxh4 f4 45. h5 f3 46. h6 f2 47.
h7 f1=Q 48. h8=Q Qg2+ 49. Kf7 Qb7+ 50. Kg6 Qg2+ 51. Kf7 Qb7+ 52. Kg8 Qc8+ 53. Kg7 Qg4+ 54. Kf7 Qf5+ 55. Qf6 Qh7+ 56. Ke6 Qxh2 57. Qg5+ Kf2 58. Qa5 Qh6+ 59. Kf7 Qh7+ 60. Ke8 Qh8+ 61. Kd7 Qh7+ 62. Ke6 Qh6+ 63. Kf7 Qh7+ 64. Kf6 Qh6+ 65. Kf7 1/2-1/2

[Event "*** Titled Tuesday Blitz"]
[Site "Chess.com"]
[Date "2020.11.10"]
[Round "5"]
[White "Bigfish1995"]
[Black "FormerProdigy"]
[Result "0-1"]
[WhiteElo "2969"]
[BlackElo "2874"]
[TimeControl "180+1"]
[EndTime "11:00:05 PST"]
[Termination "FormerProdigy won by resignation"]

1. d4 Nf6 2. c4 e6 3. g3 d5 4.
Bg2 Be7 5. Nf3 O-O 6. Nc3 Nbd7 7.
b3 b6 8. cxd5 Nxd5 9. Nxd5 exd5 10. O-O Bb7 11. Bf4 Re8 12. Rc1 c5 13. Bh3 Nf8 14. Be3 Bc8 15. Bg2 Ne6 16. Ne5 Bb7 17.
dxc5 bxc5 18. Rc2 Rb8 19. Nd3 d4 20. Bc1 Bxg2 21. Kxg2 Qd5+ 22. f3 Rbc8 23. Rc4 Nc7 24. e4 dxe3 25. Bxe3 Red8 26. Nf2 Qxd1 27. Rxd1 Nd5 28.
Bd2 Nb6 29. Re4 Bf6 30. Ba5 Rxd1 31. Nxd1 c4 32. Bxb6 cxb3 33. axb3 axb6 34. Ne3 Kf8 35. Rb4 Rc6 36. f4 Ke8 37. Kf3 Be7 38. Rc4 Kd7 39. Nd5 Bd6 40. Ke4 Rxc4+ 41. bxc4 Kc6 42. Nc3 Kc5 43.
Kd3 Kc6 44. f5 g6 45. f6 Be5 46. Ne4 b5 47. cxb5+ Kxb5 48. Ng5 Bxf6 49. Nxh7 Be7 50. Ke4 Kc6 51. Ke5 Kd7 52. Nf6+ Kd8 53. g4 Bb4 54. h4 Bc3+ 55. Kf4 Bxf6 56. h5 gxh5 57. gxh5 Ke7 58. h6 Kf8 59. Kf5 Bh8 60. Kg5 Kg8 61.
Kh5 Kh7 62. Kg5 Be5 63. Kf5 Bc3 64. Kg5 Bd4 65. Kh5 Be3 66. Kg4 Bxh6 67. Kf5 Kg7 0-1

[Event "*** Titled Tuesday Blitz"]
[Site "Chess.com"]
[Date "2020.11.10"]
[Round "5"]
[White "GalperinPlaton"]
[Black "suyu28"]
[Result "1-0"]
[WhiteElo "2886"]
[BlackElo "2629"]
[TimeControl "180+1"]
[EndTime "11:00:06 PST"]
[Termination "GalperinPlaton won on time"]

1. Nf3 d5 2. e3 Nf6 3. c4 c6 4. Nc3 e6 5. b3 Bd6 6. Bb2 O-O 7. Qc2 e5 8. cxd5 cxd5 9. Nb5 Nc6 10. Nxd6 Qxd6 11.
d4 exd4 12. Nxd4 Qb4+ 13. Qd2 Qxd2+ 14. Kxd2 Ne4+ 15. Ke1 Bd7 16. f3 Ng5 17. Kd2 Nxd4 18. Bxd4 Ne6 19. Bb2 a6 20. Bd3 Bb5 21. Bf5 g6 22. Bc2 Rac8 23. Rac1 d4 24. exd4 Rcd8 25. a4 Bc6 26. Ke3 Rfe8 27. Be4 Ng5 28. d5 Rxd5 29.
Rcd1 Rxd1 30. Rxd1 Nxe4 31. fxe4 Rxe4+ 32. Kf2 f6 33. Rd6 Rb4 34. Bxf6 Rxb3 35. g4 Rb4 36. g5 Rxa4 37.
Rd8+ Kf7 38. Rh8 Rh4 39. Kg3 Rh5 40. h4 a5 41. Ra8 a4 42. Rd8 h6 43. Rc8 hxg5 44. Bxg5 Ke6 45. Rg8 Kf7 46. Ra8 Rh7 47. Kf4 Ke6 48. Rg8 Rf7+ 49. Ke3 Kf5 50. Ra8 Kg4 51.
Kd4 Rf5 52. Rg8 Rxg5 53. hxg5 Kxg5 54. Ke5 Bf3 55. Rf8 Bc6 56. Rf4 b5 57. Rb4 1-0

[Event "*** Titled Tuesday Blitz"]
[Site "Chess.com"]
[Date "2020.11.10"]
[Round "5"]
[White "emiliochess"]
[Black "Tomekas1"]
[Result "1-0"]
[WhiteElo "2287"]
[BlackElo "2428"]
[TimeControl "180+1"]
[EndTime "11:00:06 PST"]
[Termination "emiliochess won by resignation"]

1. d4 d5 2. Bf4 Nf6 3. e3 e6 4. Bd3 Bd6 5. Bg3 Qe7 6. Nf3 Nbd7 7. Ne5 c5 8. c3 g6 9. Nd2 Bxe5 10. dxe5 Nh5 11.
f4 Nxg3 12. hxg3 h5 13. g4 h4 14. g5 c4 15. Bc2 Qc5 16. Qe2 b5 17. a3 Bb7 18. Nf3 O-O-O 19. Nd4 Qb6 20. Qg4 a5 21. Rxh4 b4 22. Kd2 Nc5 23. Rah1 Rxh4 24. Qxh4 bxc3+ 25. bxc3 Nb3+ 26. Bxb3 cxb3 27. Rb1 a4 28. Qh7 Rf8 29.
Qg7 Qc5 30. Rb2 Qxa3 31. Rb1 Qc5 32. Nb5 Qxb5 33. Qxf8+ Kc7 34. Qb4 Kb6 35. g3 Ba6 36.
Qxb5+ Bxb5 37. Kc1 Bd3 38. Ra1 Bb5 39. Kb2 Kc5 40.
Rd1 Bd7 41. Rd4 Bb5 42. Rb4 Kc6 43. Ka3 Kc5 44. e4 dxe4 45. Rxe4 Bc4 46. Rd4 Bd5 47. g4 Bc4 48. f5 exf5 49. gxf5 gxf5 50. Rd2 Bb5 51. e6 fxe6 52. g6 Be8 53. g7 Bf7 54.
Kxa4 Kc4 55. Rd7 Bg8 56. Rc7+ Kd3 57. Kxb3 e5+ 58. Kb2 e4 59. Rc8 Be6 60. Re8 Bc4 61. Rc8 Be6 62. Re8 Bc4 63. Rf8 e3 64. Rxf5 Ke4 65.
Rf8 e2 66. Kc2 Ke3 67. Re8+ Kf2 68. Kd2 Bf7 69. Re7 Bg8 70. Rxe2+ Kf3 71. Re8 Bd5 72. g8=Q Bxg8 73. Rxg8 Kf4 74. Re8 1-0